AoeStats
← CompaChuy

Black Forest

503525598Analyzed
4v4 RM · 1mo ago on Sep 1, 2026· 69m 53s· 8 players
Game mode
Random Map
Map size
Large (8 player)
Population
200
Speed
Normal
Resources
Standard
Victory
Conquest
Starting age
Dark Age
Ending age
Imperial Age
RankedLock teamsTeams togetherTeam positionsShared explorationLock speedFull tech treeHidden civsTurbo modeCheats
Victory
Defeat
🇲🇽 Gurjaras · Mexico
1044
+16
🇺🇸 Khmer · United States
1040
+16
🇺🇸 Italians · United States
1030
+16
🇨🇦 Burgundians · Canada
1011
+17
🇨🇴 Khmer · Colombia
1070
-18
🇦🇷 Maya · Argentina
1035
-16
🇲🇽 Huns · Mexico
1020
-15
🇲🇽 Italians · Mexico
1018
-15
PeppyIsland31
10:36 Loom
12:22 Feudal Age
13:53 Double-Bit Axe
16:57 Castle Age
18:08 Bow Saw
17:56 Fishing Lines
20:08 Wheelbarrow
19:40 Horse Collar
21:17 Stone Mining
21:52 Gillnets
23:31 Stone Shaft Mining
25:29 Scale Barding Armor
25:35 Forging
27:05 Light Cavalry
27:46 Husbandry
27:57 Bloodlines
28:17 Chain Barding Armor
28:32 Iron Casting
29:02 Gold Mining
29:52 Padded Archer Armor
30:29 Hand Cart
32:47 Imperial Age
34:20 Plate Barding Armor
34:46 Blast Furnace
33:09 Hussar
35:35 Two-Man Saw
35:08 Conscription
35:59 Chemistry
35:01 Town Watch
35:12 Fletching
36:41 Ballistics
36:03 Treadmill Crane
36:33 Masonry
37:10 Bodkin Arrow
37:51 Bracer
40:17 Leather Archer Armor
40:22 Elite Genoese Crossbowman
44:59 Silk Road
45:02 Caravan
46:23 Ring Archer Armor
47:24 Thumb Ring
49:20 Pirotechnia
54:38 Hoardings
54:18 Fortified Wall
54:38 Architecture
54:05 Murder Holes
62:12 Heavy Plow
63:59 Scale Mail Armor
64:25 Bombard Tower
65:20 Onager
ArkumKnight007
10:03 Feudal Age
10:32 Double-Bit Axe
15:58 Gold Mining
18:13 Castle Age
17:02 Stone Mining
21:56 Forging
22:08 Bow Saw
22:08 Scale Barding Armor
22:47 Loom
24:58 Loom
27:47 Fletching
28:19 Bloodlines
36:32 Horse Collar
40:24 Wheelbarrow
40:33 Heavy Plow
42:49 Bodkin Arrow
46:40 Husbandry
47:36 Hand Cart
50:45 Iron Casting
50:31 Chain Barding Armor
65:56 Imperial Age
63:31 Murder Holes
67:48 Chemistry
66:55 Siege Engineers
Tlacaelel.MX
0:41 Loom
12:11 Feudal Age
17:15 Castle Age
17:08 Horse Collar
18:28 Double-Bit Axe
22:54 Wheelbarrow
25:35 Bow Saw
27:17 Heavy Plow
28:59 Town Watch
33:28 Imperial Age
31:26 Fortified Wall
31:13 Gold Mining
31:20 Stone Mining
31:58 Hand Cart
32:43 Gold Shaft Mining
32:47 Fishing Lines
34:03 Ballistics
33:34 Fletching
33:46 Padded Archer Armor
34:20 Kshatriyas
35:46 Bodkin Arrow
36:09 Scale Mail Armor
36:19 Forging
39:25 Murder Holes
40:12 Crop Rotation
39:38 Gillnets
40:00 Treadmill Crane
40:30 Masonry
40:42 Elite Skirmisher
42:20 Architecture
42:06 Light Cavalry
43:52 Bracer
44:08 Leather Archer Armor
43:45 Heavy Camel Rider
47:12 Chemistry
47:57 Stone Shaft Mining
48:18 Iron Casting
47:58 Chain Mail Armor
47:58 Bloodlines
51:47 Caravan
52:32 Scale Barding Armor
53:42 Conscription
54:41 Thumb Ring
54:39 Guard Tower
55:07 Husbandry
56:01 Sanctity
59:47 Chain Barding Armor
61:59 Frontier Guards
61:50 Hussar
63:15 Plate Barding Armor
63:12 Town Patrol
64:36 Plate Mail Armor
64:48 Hoardings
64:46 Elite Elephant Archer
65:55 Elite Shrivamsha Rider
67:30 Fervor
Coffee Bean
2:00 Loom
7:47 Double-Bit Axe
12:37 Feudal Age
12:35 Horse Collar
13:38 Bow Saw
13:35 Heavy Plow
20:28 Castle Age
19:05 Wheelbarrow
23:25 Crop Rotation
24:20 Wheelbarrow
26:59 Stone Mining
27:04 Gold Mining
28:17 Hand Cart
32:41 Imperial Age
31:13 Burgundian Vineyards
32:02 Fletching
32:13 Padded Archer Armor
33:03 Bodkin Arrow
33:20 Guilds
33:32 Ballistics
32:53 Treadmill Crane
33:44 Conscription
34:43 Chemistry
35:35 Bracer
35:51 Leather Archer Armor
41:45 Crossbowman
47:52 Coinage
47:52 Forging
47:48 Scale Barding Armor
48:01 Husbandry
47:24 Light Cavalry
49:40 Iron Casting
48:40 Hussar
49:49 Chain Barding Armor
51:01 Two-Man Saw
50:48 Banking
52:22 Plate Barding Armor
52:54 Blast Furnace
65:41 Scale Mail Armor
66:42 Chain Mail Armor
67:36 Flemish Revolution
AntonioMX
6:53 Loom
10:58 Feudal Age
13:01 Double-Bit Axe
15:26 Castle Age
13:37 Gold Mining
14:16 Stone Mining
16:22 Horse Collar
20:54 Town Watch
22:08 Bow Saw
27:07 Wheelbarrow
27:43 Stone Shaft Mining
27:08 Fletching
27:18 Padded Archer Armor
27:45 Bodkin Arrow
28:43 Ballistics
29:28 Coinage
29:16 Hand Cart
29:38 Heavy Plow
32:53 Imperial Age
31:01 Leather Archer Armor
30:31 Treadmill Crane
31:52 Scale Mail Armor
32:02 Forging
33:09 Squires
32:54 Arson
32:57 Capped Ram
33:59 Conscription
33:20 Elite Genoese Crossbowman
33:26 Elite Genoese Crossbowman
35:10 Hoardings
35:37 Chemistry
35:17 Bracer
35:55 Ring Archer Armor
38:02 Two-Man Saw
37:34 Crop Rotation
37:40 Banking
37:21 Guilds
48:50 Chain Mail Armor
49:50 Iron Casting
54:38 Caravan
56:17 Pikeman
CompaChuy
0:44 Loom
12:03 Feudal Age
13:11 Double-Bit Axe
17:50 Stone Mining
17:50 Gold Mining
18:06 Horse Collar
20:44 Castle Age
21:37 Wheelbarrow
21:32 Heavy Plow
21:46 Bow Saw
24:12 Hand Cart
26:24 Marauders
26:55 Scale Barding Armor
27:10 Forging
32:06 Bloodlines
31:56 Husbandry
32:20 Chain Barding Armor
32:45 Iron Casting
40:31 Imperial Age
40:30 Caravan
42:28 Plate Barding Armor
42:37 Elite Tarkan
44:26 Two-Man Saw
46:19 Light Cavalry
47:43 Conscription
52:37 Hussar
54:47 Blast Furnace
55:11 Masonry
56:42 Guilds
57:18 Coinage
57:31 Cavalier
59:32 Paladin
Zombie
0:29 Loom
12:59 Feudal Age
18:11 Castle Age
16:51 Double-Bit Axe
19:07 Bow Saw
35:46 Wheelbarrow
35:11 Horse Collar
39:04 Imperial Age
38:52 Gold Mining
39:57 Double Crossbow
40:18 Conscription
40:20 Stone Mining
41:06 Gold Shaft Mining
42:08 Stone Shaft Mining
42:07 Heavy Scorpion
43:34 Hand Cart
48:54 Caravan
50:39 Chemistry
50:00 Ballistics
49:48 Siege Engineers
53:07 Ballistics
54:11 Murder Holes
54:27 Masonry
PH4L4NX
7:24 Loom
11:23 Feudal Age
15:39 Castle Age
13:58 Double-Bit Axe
14:06 Horse Collar
21:18 Forging
21:35 Scale Mail Armor
21:14 Eagle Warrior
22:53 Gold Mining
25:16 Squires
26:41 Iron Casting
28:55 Arson
29:43 Pikeman
31:13 Heavy Plow
32:14 Chain Mail Armor
35:29 Wheelbarrow
38:13 Imperial Age
35:30 Town Watch
37:15 Hand Cart
37:24 Hand Cart
38:38 Elite Eagle Warrior
40:53 Conscription
41:59 Holcans
42:18 Plate Mail Armor
46:24 Blast Furnace
45:46 Elite Skirmisher
48:04 Fletching
48:14 Padded Archer Armor
50:42 Bodkin Arrow
51:03 Leather Archer Armor
53:08 Chemistry
52:29 Ballistics
52:52 Stone Mining
53:04 Bracer
53:40 Ring Archer Armor
52:51 Halberdier
57:54 Thumb Ring
59:57 Hul'che Javelineers
65:55 Hoardings
65:54 Elite Plumed Archer
68:35 Guilds
Connection lost

Rejoining the realm…

Still unreachable

The connection could not be restored.

Session expired

The server has moved on; the page needs a fresh start.